 Dungeon Crawl Stone Soup version 0.31-a0-344-gd109795599 (console) character file.

Game seed: 6194454156875080439

203 petzl the Sneak (level 6, -1/47 HPs)
             Began as a Formicid Delver on July 22, 2023.
             Hit by a javelin thrown by a centaur (6 damage)
             ... in a bailey.
             The game lasted 00:14:01 (929 turns).

petzl the Sneak (Formicid Delver)                    Turns: 929, Time: 00:14:02

Health: -1/47      AC:  9    Str: 17    XL:     6   Next: 8%
Magic:  7/9        EV: 11    Int: 11    God:
Gold:   32         SH:  0    Dex: 15    Spells: 9/9 levels left

rFire   . . .        i - +0 dagger (venom) {!f =f}
rCold   . . .        (no shield)
rNeg    . . .        m - +0 ring mail
rPois   .            (helmet unavailable)
rElec   .            (no cloak)
rCorr   .            (no gloves)
SInv    +            (no boots)
Will    .....        (no amulet)
Stlth   +++          g - +4 ring of protection
HPRegen 0.27/turn    (no ring)
MPRegen 0.11/turn

%: no passive effects
@: attractive
A: permanent stasis, dig shafts and tunnels, antennae 3, four strong arms
a: Dig


You were in a bailey.
You visited 1 branch of the dungeon, and saw 5 of its levels.
You also visited: Bailey.

You collected 32 gold pieces.

Inventory:

Hand Weapons
 i - a +0 dagger of venom (weapon) {!f =f}
Missiles
 j - 4 stones (quivered)
Armour
 b - a +0 leather armour
 m - a +0 ring mail (worn)
Jewellery
 g - a +4 ring of protection (left hand)
Talismans
 k - a maw talisman
Wands
 a - a wand of quicksilver (2)
 f - a wand of digging (2)
Scrolls
 c - a scroll of fog
 d - 2 scrolls of revelation
 e - a scroll of fear


   Skills:
 - Level 3.2 Fighting
 - Level 2.0 Maces & Flails
 + Level 2.3 Armour
 + Level 2.8 Dodging
 + Level 6.8 Stealth
 + Level 2.1 Spellcasting
 + Level 2.3 Evocations


You had 9 spell levels left.
You didn't know any spells.
Your spell library was empty.

Dungeon Overview and Level Annotations

Branches:
Dungeon (10/15)            Bailey (1/1)
 Temple: D:4-7         Lair: D:8-11         Orc: D:9-12

Altars:

Annotations:
D:7 exclusions: phantom and 2 sensed monsters (detected)
D:8 exclusions: sky beast and wyvern
D:9 exclusions: upstairs and 2 wights, Erolcha


Innate Abilities, Weirdness & Mutations

You cannot be hasted, slowed, berserked, paralysed or teleported.
You can dig through walls and to a lower floor.
You have a pair of large antennae on your head. (SInv)
Your four strong arms can wield two-handed weapons with a shield.


Message History

You have reached level 6!
Unknown command.
A centaur comes into view. It is wielding a +0 spear.
The centaur shouts!
There is a gate leading back out of this place here.
The centaur throws a javelin.
The javelin barely misses you. The orc misses you. The orc closely misses you.
The centaur throws a javelin.
The javelin pierces through you!
* * * LOW HITPOINT WARNING * * *
Okay, then.
Unknown command.
Unknown command.
Okay, then.
Unknown command.
Unknown command.
Aiming: Quicksilver Bolt
Press: ? - help, Shift-Dir - straight line
Okay, then.
Unknown command.
Unknown command.
Unknown command.
Search for what [? for help]? .
Unknown command.
Unknown command.
Okay, then.
Okay, then.
Press: ? - help, v - describe, . - travel
Here: a centaur, wielding a +0 spear, wearing a +0 scale mail and quivering javelins The floor.
Unknown command.
It was a potion of attraction.
You feel attractive to monsters.
The orc is attracted toward you. x3; The centaur is attracted toward you.
Press: ? - help, v - describe, . - travel
Here: a centaur, wielding a +0 spear, wearing a +0 scale mail and quivering javelins The floor.
Unknown command.
Unknown command.
The centaur throws a javelin.
The javelin pierces through you.
You die...

'
.......o....#####
...≈≈≈≈≈≈≈≈≈)...#
..≈≈.......≈≈≈.⌠.#
...§≈≈≈≈≈≈≈..≈≈..#
..≈≈≈.....≈≈≈.≈≈.#
.≈≈..≈≈≈≈≈..≈≈.≈.#
≈≈.≈≈≈c..≈≈≈.≈)≈≈.
≈.≈≈..⌠.⌠..≈.≈≈.≈.
≈.....∩∩@..≈§...≈.
≈.≈≈..⌠.⌠.o≈o≈≈.≈.
≈≈.≈≈≈...≈≈≈.≈.≈≈.
.≈≈..≈≈≈≈≈o.≈≈.≈.#
..≈≈≈....o≈≈≈.≈≈.#
...)≈≈≈≈≈≈≈§.≈≈..#
..≈≈...).§)≈≈≈)⌠.#
...≈≈≈≈≈≈≈≈≈....##
..........#####


You could see a centaur and 4 orcs.

Vanquished Creatures
  2 centaurs (Bailey)
  4 gnolls (D:8)
  4 orcs (Bailey)
  A kobold (D:7)
11 creatures vanquished.

Notes
Turn   | Place    | Note
-------+----------+-------------------------------------------
     0 | D:5      | petzl the Formicid Delver began the quest for the Orb.
     0 | D:5      | Reached XP level 1. HP: 18/18 MP: 1/1
    55 | D:5      | Noticed an ice beast
    74 | D:5      | Noticed an iguana
    81 | D:5      | You fall into a shaft and drop 3 floors!
   140 | D:8      | Noticed a two-headed ogre
   145 | D:8      | Noticed a wyvern
   288 | D:7      | Noticed a kobold brigand
   333 | D:7      | Noticed a phantom
   367 | D:7      | Noticed an ice beast
   377 | D:7      | You fall into a shaft and drop 1 floor!
   500 | D:8      | Noticed a sky beast
   514 | D:8      | Noticed a gnoll sergeant
   528 | D:8      | Reached XP level 2. HP: 24/24 MP: 2/2
   547 | D:8      | Reached skill level 1 in Armour
   547 | D:8      | Reached skill level 1 in Evocations
   547 | D:8      | Reached XP level 3. HP: 14/29 MP: 2/4
   650 | D:8      | Reached skill level 1 in Spellcasting
   766 | D:9      | Noticed Erolcha
   782 | D:9      | Noticed a gnoll sergeant
   802 | D:8      | Noticed a wight
   802 | D:8      | Noticed a wight
   802 | D:8      | Noticed a wight
   802 | D:8      | Noticed a wight
   802 | D:8      | Noticed a wight
   823 | D:8      | You fall into a shaft and drop 2 floors!
   823 | D:10     | Entered Level 10 of the Dungeon
   862 | D:9      | Found a flagged portal.
   868 | D:9      | Noticed a wight
   868 | D:9      | Noticed a wight
   871 | Bailey   | Entered a bailey
   875 | Bailey   | Noticed a centaur
   890 | Bailey   | Reached XP level 4. HP: 28/29 MP: 5/5
   905 | Bailey   | Noticed a centaur
   906 | Bailey   | Killed a centaur
   907 | Bailey   | Reached XP level 5. HP: 23/41 MP: 5/7
   922 | Bailey   | Killed a centaur
   923 | Bailey   | Reached XP level 6. HP: 10/47 MP: 6/9
   929 | Bailey   | Hit by a javelin thrown by a centaur

Illustrated notes

Levels and vault maps discovered:
D:5:      layout_rooms, mainiacjoe_overflow_chevrons,
          nicolae_figureground_sparkle, uniq_duvessa
D:7:      layout_basic, gup_ossuary_entry_pyramid
D:8:      layout_cave_pods, minmay_misc_feat_iff
D:9:      layout_irregular_city, mainiacjoe_overflow_tiny_flanked,
          lemuel_blue_sif_altar, kennysheep_slug_shrine,
          mainiacjoe_overflow_alcove_2, grunt_lair_entry_orc_guard_hut,
          enter_bailey_2, eino_tiny_chamber, uniq_maurice, uniq_erolcha
D:10:     layout_loops_corners, xom_confusion_cloud, minmay_ruffians,
          uniq_joseph
Bailey:   bailey_polearm_flooded_kennysheep, bailey

Skill      XL: |  1  2  3  4  5 |
---------------+----------------+-----
Dodging        | 2 |  2.8
Armour         | 1 2 |  2.3
Evocations     | 1 2 |  2.3
Spellcasting   | 1 2 |  2.1
Fighting       | |  3.2
Maces & Flails | |  2.0
Stealth        | |  6.8

Action                     |  1- 3 |  4- 6 || total
---------------------------+-------+-------++-------
  Melee: Dagger            |    33 |       ||    33
         Punch             |     1 |       ||     1
  Throw: Stone             |     1 |       ||     1
Ability: Shaft Self        |     3 |       ||     3
         Dig               |     4 |       ||     4
  Evoke: Wand              |    20 |    14 ||    34
    Use: Potion            |       |     1 ||     1
 Armour: Leather armour    |     6 |       ||     6
         Ring mail         |     9 |       ||     9
  Dodge: Dodged            |    26 |     5 ||    31

Table legend: (Time is in decaauts)
 A = Elapsed time spent in this place.
 B = Non-inter-level travel time spent in this place.
 C = Inter-level travel time spent in this place.
 D = Time resting spent in this place.
 E = Time spent auto-exploring this place.
 F = Levels seen in this place.
 G = Mean time per level.
                   A        B        C        D        E       F      G
               +--------+--------+--------+--------+--------+-----+--------+
         Total |    926 |    926 |      0 |    160 |     28 |   6 |  154.3 |
       Dungeon |    868 |    868 |      0 |    160 |     28 |   5 |  173.6 |
        Bailey |     57 |     57 |      0 |      0 |      0 |   1 |   57.0 |
               +--------+--------+--------+--------+--------+-----+--------+

Top non-repeatable levels by time:
     D:8: 521 daAuts
     D:7: 181 daAuts
     D:5: 80 daAuts
  Bailey: 57 daAuts
     D:9: 46 daAuts
    D:10: 38 daAuts
